Cogmind - Beta 9.1 @@@ ROGUE MODE // 2019.11.12 @ 12:20:08 Player: kiedra Result: Destroyed by D-53 Grenadier with Mini Grenade Launcher Performance ------------- Evolutions (0) 0 Regions Visited (2) 400 Robots Destroyed (31) 155 Value Destroyed (490) 490 Prototype IDs (4) 80 Alien Tech Used (0) 0 Bonus (0) 0 TOTAL SCORE: 1125 Bonus ------- None Cogmind --------- Core Integrity 0/250 Matter 288/300 Energy 100/100 System Corruption 0% Temperature Cool (0) Location -10/Mines Parts ------- Power (1) Propulsion (2) Light Treads Utility (2) Medium Storage Unit Medium Storage Unit Weapon (2) Assault Rifle Heavy Assault Rifle Inventory (12) Light Treads Aluminum Leg Medium Storage Unit Assault Rifle Assault Rifle Heavy Assault Rifle Rocket Launcher Rocket Launcher Peak State ------------ Power Light Nuclear Core Propulsion Light Treads Light Treads Utility Medium Storage Unit Medium Storage Unit Weapon Heavy Assault Rifle Rocket Launcher Inventory Ion Engine Light Treads Aluminum Leg Aluminum Leg Medium Storage Unit Assault Rifle Assault Rifle Assault Rifle Heavy Assault Rifle Heavy Assault Rifle Heavy Assault Rifle Rocket Launcher [Rating: 12] Favorites ----------- Power Light Nuclear Core Engine Ion Engine Power Core Light Nuclear Core Propulsion Light Treads Treads Light Treads Utility Medium Storage Unit Storage Medium Storage Unit Weapon Assault Rifle Energy Gun Small Laser Ballistic Gun Assault Rifle Launcher Rocket Launcher Build | -11 -10 -10 ------- Run | Scr Mat Min Slots Evolved . | . . . Power . | . . . Propulsion . | . . . Utility . | . . . Weapon . | . . . Parts Attached 26 | 6 12 8 Power 3 | 1 1 1 Engine 2 | 1 . 1 Core 1 | . 1 . Reactor . | . . . Propulsion 3 | 2 . 1 Treads 3 | 2 . 1 Leg . | . . . Wheel . | . . . Hover . | . . . Flight . | . . . Utility 3 | 1 2 . Device . | . . . Storage 3 | 1 2 . Processor . | . . . Hackware . | . . . Protection . | . . . Artifact . | . . . Weapon 17 | 2 9 6 Energy Gun 1 | 1 . . Energy Cannon . | . . . Ballistic Gun 10 | 1 5 4 Ballistic Cannon . | . . . Launcher 6 | . 4 2 Special Weapon . | . . . Impact Weapon . | . . . Slashing Weapon . | . . . Piercing Weapon . | . . . Special Melee Weapon . | . . . Unidentified Prototypes . | . . . Parts Lost 7 | . 1 6 Power 3 | . 1 2 Propulsion 2 | . . 2 Utility . | . . . Weapon 2 | . . 2 Highest Loss Streak 2 | . 1 2 Average Slot Usage (%) 99 | . 99 98 Engine 3 | . 2 5 Core 10 | . 11 7 Treads 27 | . 28 27 Storage 27 | . 27 28 Energy Gun 1 | . 1 . Ballistic Gun 25 | . 25 27 Launcher 1 | . 1 . Naked Turns . | . . . Heaviest Build 28 | 12 28 26 Greatest Support 40 | 40 40 40 Greatest Overweight (x) 2 | 2 . . Average Overweight (x) . | . . . Largest Inventory Capacity 12 | 6 12 12 Average Capacity 11 | 5 11 12 Most Carried 12 | 4 12 12 Average Carried 10 | 2 10 10 Final Capacity 12 | 6 12 12 Final Carried 12 | 4 12 8 Class Distribution -------------------- 100% | Mutant Dominant Class ---------------- Mutant | -10/Materials Mutant | -10/Mines Resources | -11 -10 -10 ----------- Run | Scr Mat Min Matter Collected 1000 | 262 475 263 Remotely . | . . . Salvage Created 828 | 65 631 132 Parts 40 | 1 34 5 Haulers Intercepted 2 | . 2 . Recyclers Shooed 1 | . 1 . Parts Field Recycled . | . . . Retrieved Matter . | . . . Parts Self-Destructed . | . . . Prevented . | . . . Kills | -11 -10 -10 ------- Run | Scr Mat Min Combat Hostiles Destroyed 24 | . 13 11 Guns 18 | . 10 8 AOE 6 | . 3 3 Classes Destroyed 8 | 1 6 1 Worker 2 | . 2 . Hauler 2 | . 2 . Recycler 1 | 1 . . Operator 1 | . 1 . Watcher 1 | . 1 . Swarmer 6 | . 3 3 Grunt 10 | . 10 . Assembled 8 | . . 8 Best Kill Streak 5 | 1 5 3 Combat Bots Only 3 | . 2 3 Max Kills in Single Turn 2 | 1 2 2 Gunslinging . | . . . Exploded 2 | . 2 2 Melee . | . . . Uniques/NPCs Destroyed . | . . . Combat | -11 -10 -10 -------- Run | Scr Mat Min Damage Taken 1335 | . 551 784 Core 265 | . 79 186 Absorbed by Shields . | . . . Core Remaining (%) 100 | 100 . . Volleys Fired 92 | 2 69 21 Largest 2 | 2 2 2 Hottest 60 | 60 60 43 Shots Fired 171 | 4 129 38 Gun 161 | 4 123 34 Cannon . | . . . Launcher 10 | . 6 4 Special . | . . . Kinetic 157 | 2 121 34 Thermal 4 | 2 2 . Explosive 10 | . 6 4 Electromagnetic . | . . . Robot Hit Streak 16 | 2 16 7 Robot Miss Streak 4 | 2 4 2 Penetration Max . | . . . Secondary Targets 2 | . . 2 Max Gunslinging Chain 1 | . . 1 Shots Hit Robots 115 | 2 89 24 Core Hits 56 | 2 35 19 Critical Hits 1 | . 1 . Critical Kills 1 | . 1 . Critical Parts Destroyed . | . . . Melee Attacks . | . . . Impact . | . . . Slashing . | . . . Piercing . | . . . Sneak Attacks . | . . . Combat Hostiles . | . . . Follow-up Attacks . | . . . Damage Inflicted 1980 | 20 1312 648 Guns 1561 | 20 1206 335 Cannons . | . . . Explosions 419 | . 106 313 Melee . | . . . Ramming . | . . . Kinetic 1531 | 10 1186 335 Thermal 30 | 10 20 . Explosive 419 | . 106 313 Electromagnetic . | . . . Impact . | . . . Slashing . | . . . Piercing . | . . . Highest Corruption . | . . . Average Corruption . | . . . Corruption Purged . | . . . Overload Shots . | . . . Overflow Damage 12 | . . 12 Projectiles . | . . . Explosions 12 | . . 12 Melee . | . . . Knockbacks . | . . . Impact . | . . . Kinetic . | . . . Secondary . | . . . Self-Inflicted Damage 47 | . 26 21 Shots 2 | . 1 1 Rammed . | . . . Targets Rammed . | . . . Kicked . | . . . Crushed . | . . . Highest Temperature 7 | . 7 . Average Temperature 2 | . 2 . Received Heat Transfer 305 | . 285 20 Siege Activations . | . . . Robots Corrupted . | . . . Combat Hostiles . | . . . Parts Fried . | . . . Impact Corruptions . | . . . Robots Melted . | . . . Combat Hostiles . | . . . Parts Melted . | . . . Heat Transferred 75 | 25 50 . Parts Sabotaged . | . . . Parts Stolen . | . . . Parts Stripped . | . . . Power Chain Reactions . | . . . Missiles Intercepted . | . . . Alert | -11 -10 -10 ------- Run | Scr Mat Min Peak Influence 227 | 5 227 80 Average Influence 54 | 1 64 34 Maximum Alert Level 1 | . 1 . Low Security (%) 99 | . . . Level 1 . | . . . Level 2 . | . . . Level 3 . | . . . Level 4 . | . . . Level 5 . | . . . High Security . | . . . Max Security . | . . . Squads Dispatched 4 | . 4 . Investigation 2 | . 2 . Extermination . | . . . Reinforcement 2 | . 2 . Assault . | . . . Garrison . | . . . Intercept . | . . . Construction Impeded . | . . . Haulers Reinforced . | . . . Stealth | -11 -10 -10 --------- Run | Scr Mat Min Distress Signals 3 | . 3 . Communications Jammed . | . . . Distress Signals . | . . . Times Spotted 42 | . 25 17 Peak Tracking Total 6 | . 4 6 Tactical Retreats 5 | . 2 3 Traps | -11 -10 -10 ------- Run | Scr Mat Min Traps Triggered 3 | . 2 1 Indirectly . | . . . Trap Hack Attempts . | . . . Triggered . | . . . Disarmed . | . . . Reprogrammed . | . . . Reused . | . . . Traps Extracted . | . . . Installed . | . . . Triggered . | . . . Machines | -11 -10 -10 ---------- Run | Scr Mat Min Machines Disabled 2 | . 2 . Max in Single Turn 1 | . 1 . Machines Sabotaged . | . . . Garrisons Compromised . | . . . Overloaded Fab Kills . | . . . Fab Network Shutdowns . | . . . Hacking | -11 -10 -10 --------- Run | Scr Mat Min Machines Accessed 8 | . 7 1 Terminals 7 | . 7 . Fabricators . | . . . Repair Stations . | . . . Recycling Units . | . . . Scanalyzers . | . . . Garrison Access . | . . . Total Hacks 21 | . 20 1 Successful 11 | . 10 1 Failed 10 | . 10 . Catastrophic 2 | . 2 . Database Lockouts . | . . . Manual 13 | . 13 . Terminals 20 | . 20 . Fabricators . | . . . Repair Stations . | . . . Recycling Units . | . . . Scanalyzers . | . . . Garrison Access . | . . . Terminal Hacks 9 | . 8 1 Prototype ID Bank 2 | . 2 . Open Door 1 | . . 1 Branch Access Points 1 | . 1 . Alert Level 1 | . 1 . Unreport Threat 1 | . 1 . Zone Layout 3 | . 3 . Fabricator Hacks . | . . . Repair Station Hacks . | . . . Recycling Unit Hacks . | . . . Scanalyzer . | . . . Garrison Access Hacks . | . . . Unauthorized Hacks 8 | . 8 . Terminals 2 | . 2 . Track 1 | . 1 . Botnet 1 | . 1 . Fabricators . | . . . Repair Stations . | . . . Recycling Units . | . . . Scanalyzers . | . . . Garrison Access . | . . . Data Cores Recovered . | . . . Used . | . . . Hacking Detections 6 | . 6 . Full Trace Events . | . . . Feedback Events . | . . . Feedback Blocked . | . . . Robot Schematics Acquired . | . . . Robots Built . | . . . Matter . | . . . Time . | . . . Total Robot Build Rating . | . . . Part Schematics Acquired . | . . . Parts Built . | . . . Matter . | . . . Time . | . . . Total Part Build Rating . | . . . Parts Repaired . | . . . Time . | . . . Parts Recycled . | . . . Recycled Matter . | . . . Retrieved Matter . | . . . Retrieved Components . | . . . Parts Scanalyzed . | . . . Part Schematics Acquired . | . . . Parts Damaged . | . . . Bothacking | -11 -10 -10 ------------ Run | Scr Mat Min Used RIF Installer . | . . . Robots Hacked . | . . . Non-combat . | . . . Combat . | . . . Robot Hacks Applied . | . . . Relay Couplers Released . | . . . Robots Rewired . | . . . Allies Hacked . | . . . Hacks Repelled . | . . . Allies | -11 -10 -10 -------- Run | Scr Mat Min Total Allies . | . . . Largest Group . | . . . Highest-Rated Group . | . . . Highest-Rated Ally . | . . . Total Orders . | . . . Ally Attacks . | . . . Total Damage . | . . . Kills . | . . . Allies Corrupted . | . . . Allies Melted . | . . . Intel | -11 -10 -10 ------- Run | Scr Mat Min Robot Analysis Total . | . . . Derelict Logs Recovered 1 | . . 1 Drone Launches . | . . . Drone Recoveries . | . . . Exploration | -11 -10 -10 ------------- Run | Scr Mat Min Turns Passed 1974 | 68 1422 484 Spaces Moved 992 | 34 701 257 Core 6 | 6 . . Treads 986 | 28 701 257 Legs . | . . . Wheels . | . . . Hover . | . . . Flight . | . . . Fastest Speed 50 | 50 160 160 Average Speed 159 | 147 160 160 Slowest Speed 160 | 160 160 160 Overloaded Moves . | . . . Propulsion Burnouts . | . . . Robots Hopped . | . . . Cave-ins Triggered . | . . . Exploration Rate (%) 56 | 4 94 72 Regions Visited 2 Branch Regions 1 Pre-discovered Areas 1 | . . 1 Known Exits Taken 1 | . 1 . Unknown Exits Taken 1 | 1 . . Scrap Searched 1 | . . 1 Spaces Dug 60 | . 44 16 Terrain Destroyed 100 | . 62 38 Melee . | . . . Projectile . | . . . AOE 100 | . 62 38 Actions | -11 -10 -10 --------- Run | Scr Mat Min Total 1208 | 45 872 291 Wait 73 | . 68 5 Move 990 | 33 700 257 Hop . | . . . Pick Up 19 | 4 15 . Fast Attach 7 | 6 1 . Attach 5 | . 1 4 Detach . | . . . Swap 14 | . 10 4 Drop 8 | . 8 . Fire 92 | 2 69 21 Melee . | . . . Ram . | . . . Kick . | . . . Crush . | . . . Escape Stasis . | . . . Rewire . | . . . Trap . | . . . Miscellaneous . | . . . Route ------- -11/Scrapyard -10/Materials (discovered 5 exits: [*Mat x3] / *Min x2) -10/Mines History --------- Turn | Location | Event 16 | -11/Scrapyard | Discovered new exit (range 13) 69 | -11/Scrapyard | Entered Materials 165 | -10/Materials | Discovered new exit (range 5) 247 | -10/Materials | Discovered new exit (range 15) 304 | -10/Materials | Build established: Mutant 312 | -10/Materials | Discovered new exit (range 14) 598 | -10/Materials | Discovered new exit (range 6) 1205 | -10/Materials | Discovered new exit (range 10) 1232 | -10/Materials | Identified exit to Mines 1491 | -10/Materials | Entered Mines 1562 | -10/Mines | Learned location of Zion (-7) 1584 | -10/Mines | Met a Derelict who couldn't figure out how to use a Trap Extractor 1726 | -10/Mines | Assembled infested the area 1764 | -10/Mines | Core integrity fell below 50% 1970 | -10/Mines | Core integrity fell below 20% 1975 | -10/Mines | Destroyed by D-53 Grenadier with Mini Grenade Launcher Last Messages --------------- 01919_ K-01 Serf collects debris. 01919_ U-05 Engineer lays Concrete. 01921_ U-05 Engineer builds a Wall. 01922_ K-01 Serf collects debris. 01925_ U-05 Engineer builds a Wall. 01925_ K-01 Serf collects debris. 01926_ U-05 Engineer lays Concrete. 01928_ U-05 Engineer builds a Wall. 01932_ U-05 Engineer lays Concrete. 01936_ U-05 Engineer builds a Wall. 01946_ K-01 Serf collects debris. 01949_ U-05 Engineer builds a Wall. 01953_ U-05 Engineer lays Concrete. 01954_ Acquired 21 matter. 01957_ U-05 Engineer lays Concrete. 01963_ Acquired 80 matter. 01965_ The unstable cave ceiling collapses. 01969_ Lgt. Treads destroyed. 01969_ Ion Engine destroyed. 01971_ T-07 Excavator destroyed. Map ----- +----------------------------------------------------+ | ?????#### #???????????######## | | ????????## ### ##??????????????????## | | ?????????####?## "##????????????????????# | | ???????????????## ####??????????????????## | | ????????????????### ##??????????????????## | | ???????????####???## #???????????????????## | | ??????????## ##?## ###????????????????????# | | ?????###?## ### ##??????????????????????? | | ????## ## ###??????????????????????? | | ????# #????????????????????????? | | ????# # #??????????????????????? | | ????## ## # ##??????????????????????? | | ?????## ##### ## #???????????????????????? | | ??????## ##???## ## ??#???????????????????? | | ???????####?????## ## #???????????????????? | | ?????????????????# ### #???????????????????? | | ?????????????????## # #???????????????????? | | ??????????????????## # #???????????????????? | | ???????????????????# ### #???????????????????? | | ???????????????????# # ##?????????????????### | | ???????????????????### # ##????????????????## | | ?????????????????????## ##????????????????# | | ????????????????????## ##???????????????# | | ????????????????????# #???????????????# "" | | ????????????????????# ## ####### "" | | ????????????????????# @ r "" | | ????????????????????# | | ????????????????????# # # ######### | | ????????????????????## #?#??? ????????# | | ???????????????????? ##???? ####### | | ??????????????????? # ##????? | | ??????????????????#d # ##?????? ! | | ?????????????????# d ###????????# ##### | | ???????????????? ???????????## ?????? | | ??????????????? ????????????# ???????? | | ??????????????" #????????????# """????????? | | ??????????????" # #???????????????"??????????? | | ???????????????? ## ???????????????????????????? | | ???????????????????# ???????????????????????????? | | ?????????????????????????????????????????????????? | | ?????????????????????????????????????????????????? | | ?????????????????????????????????????????????????? | | ?????????????????????????????????????????????????? | | ?????????????????????????????????????????????????? | | ?????????????????????????????????????????????????? | | ?????????????????????????????????????????????????? | | ?????????????????????????????????????????????????? | | ?????????????????????????????????????????????????? | | ?????????????????????????????????????????????????? | | ?????????????????????????????????????????????????? | +----------------------------------------------------+ Best States ------------- Heat Dissipation 25 Energy Generation 14 Energy Capacity 250 Matter Stores 300 Matter Capacity 300 Sight Range 16 Terrain Scan Density 10 Evasion (%) 40 Recoil Reduction 2 Item Schematics ----------------- None Robot Schematics ------------------ None Fabricated ------------ Nothing Alien Tech Used ----------------- None Achievements -------------- None Challenges ------------ None Game ------ Seed WeaponOmegaBroadsword Manual? 0 Play Time 00:25:03 Cumulative 429.1 hours Start 2019.11.12 @ 11:59:54 End 2019.11.12 @ 12:20:08 Sessions 1 Manual Loads 0 Difficulty Rogue Special Mode None Game No. 89 Rogue 89 Adventurer 0 Explorer 1 Win Type - Total 21 Types 9/3/3/2/1/1/2 Lore% 87 Gallery% 87 Achievement% 76 Wizard Run 0 Options --------- ASCII 0 Keyboard 0 Movement Mouse Keybinds 0 Fullscreen 2 Font 18/X11 Map View 76x50 Tactical HUD 1 Map Filters NONE Filters NONE Steam 1 RUN: 47ea954e-9e38-4b5a-a424-88cf51fe4d71